 Dungeon Crawl Stone Soup version 0.24.0-125-gc4c63601f3 (webtiles) character file.

Game seed: 176362012347404998, levelgen mode: deterministic

102 MisterOstroum the Skirmisher (level 4, -1/41 HPs)
             Began as a Draconian Berserker on Mar 10, 2020.
             Was a Believer of Trog.
             Slain by a gnoll
             ... wielding a +0 spear
              (4 damage)
             ... on level 2 of the Dungeon.
             The game lasted 00:01:40 (1082 turns).

MisterOstroum the Skirmisher (Draconian Berserker)  Turns: 1082, Time: 00:01:40

Health: -1/41      AC:  5    Str: 25    XL:     4   Next: 50%
Magic:  4/4        EV: 13    Int:  8    God:    Trog [**....]
Gold:   96         SH:  0    Dex: 10    Spells: 3/3 levels left

rFire    . . .     SeeInvis .   a - +0 hand axe
rCold    . . .     Gourm    .   (no shield)
rNeg     . . .     Faith    .   (armour unavailable)
rPois    .         Spirit   .   (helmet restricted)
rElec    .         Reflect  .   (no cloak)
rCorr    .         Harm     .   (no gloves)
MR       .....                  (no boots)
Stlth    +.........             (no amulet)
HPRegen  0.13/turn              (no ring)
MPRegen  0.09/turn              (no ring)

@: mighty, berserk cooldown, slowed, very slow
A: unfitting armour, cold-blooded, AC +5
a: Berserk, Trog's Hand, Renounce Religion


You were on level 2 of the Dungeon.
You worshipped Trog.
Trog was pleased with you.
You were not hungry.

You visited 1 branch of the dungeon, and saw 2 of its levels.

You collected 96 gold pieces.

Inventory:

Hand Weapons
 a - a +0 hand axe (weapon)
Missiles
 c - 91 stones (quivered)
 h - 15 sling bullets
 j - 5 boomerangs
Jewellery
 k - an uncursed ring of protection from fire {unknown}
Scrolls
 d - a scroll of blinking {unknown}
 f - 2 scrolls of remove curse {unknown}
 g - 2 scrolls of amnesia {unknown}
 i - 3 scrolls of teleportation {unknown}
Potions
 m - a potion of berserk rage {unknown}
Comestibles
 b - 4 chunks of flesh
 e - 6 rations


   Skills:
 * Level 4.5 Fighting
 * Level 4.0 Axes
 + Level 3.2 Dodging


You had 3 spell levels left.
You didn't know any spells.
Your spell library was empty.

Dungeon Overview and Level Annotations

Branches:
Dungeon (2/15)

Altars:


Innate Abilities, Weirdness & Mutations

Your plain brown scales are hard. (AC +5)
You cannot fit into any form of body armour.
You are cold-blooded and may be slowed by cold attacks.


Message History

The ooze quivers.
You hit the gnoll but do no damage. The gnoll closely misses you.
You barely miss the gnoll.
You tail-slap the gnoll, but do no damage.
The gnoll hits you.
Some of the chunks of flesh in your inventory have rotted away.
You barely miss the gnoll.
Your tail-slap misses the gnoll.
You closely miss the kobold. The kobold barely misses you. The gnoll hits you!
You slash the gnoll!
The gnoll is heavily wounded.
You barely miss the kobold. The kobold closely misses you.
A gnoll comes into view.
The gnoll closely misses you. The kobold hits you but does no damage.
A red film seems to cover your vision as you go berserk!
You feel yourself moving faster!
You feel mighty!
You are feeling hungry.
The gnoll hits you.
A gnoll comes into view. It is wielding a +0 halberd.
The kobold barely misses you.
You barely miss the gnoll. You tail-slap the gnoll.
You kill the gnoll!
Trog accepts your kill.
You have reached level 4!
You feel clever.
You hit the kobold. You slash the gnoll! You tail-slap the gnoll.
You kill the gnoll!
Trog accepts your kill.
You barely miss the kobold. The kobold barely misses you.
The kobold hits you with a +0 dagger. The ooze closely misses you.
The gnoll barely misses you.
You see here a gnoll corpse.
You hit the gnoll.
The gnoll is heavily wounded.
You barely miss the ooze. You slash the kobold!
You kill the kobold!
Trog accepts your kill.
You hit the gnoll.
Your tail-slap misses the gnoll.
The gnoll is severely wounded.
You hit the ooze. The ooze hits you but does no damage.
The gnoll closely misses you.
You closely miss the gnoll.
The gnoll is severely wounded.
You slash the ooze! The ooze hits you but does no damage.
You hit the gnoll.
You kill the gnoll!
Trog accepts your kill.
Your Axes skill increases to level 4!
You slash the ooze!
You kill the ooze!
Trog accepts your kill.
Found a ration.
Found a stone staircase leading down.
You see here a +0 halberd.
There isn't anything to butcher here.
You feel a strong urge to attack something.
You see here a gnoll corpse.
You butcher the gnoll corpse.
You are no longer berserk.
You are exhausted.
You feel yourself slow down.
b - 5 chunks of flesh (gained 1)
You see here a gnoll skeleton.
Unknown command.
There isn't anything to butcher here.
Eating one of 5 chunks of flesh.
You eat one of the 5 chunks of flesh.
This raw flesh tastes terrible.
A gnoll comes into view. It is wielding a +0 spear.
A gnoll is nearby!
A gnoll is nearby!
A gnoll is nearby!
You see here a +0 halberd.
Unknown command.
The gnoll shouts!
The gnoll hits you from afar with a +0 spear.
The gnoll hits you but does no damage.
There is a stone staircase leading up here.
You completely miss the gnoll.
Your tail-slap misses the gnoll.
The gnoll hits you with a +0 spear! The gnoll hits you with a +0 spear.
* * * LOW HITPOINT WARNING * * *
You barely miss the gnoll. The gnoll hits you with a +0 spear.
* * * LOW HITPOINT WARNING * * *
The gnoll misses you.
You aren't carrying any items that you can evoke.
You fail to use your ability.
The gnoll hits you with a +0 spear.
* * * LOW HITPOINT WARNING * * *
Okay, then.
It was a potion of might.
You feel very mighty all of a sudden. The gnoll hits you with a +0 spear.
* * * LOW HITPOINT WARNING * * *
The gnoll closely misses you.
Okay, then.
Unknown command.
You barely miss the gnoll. The gnoll hits you but does no damage.
Unknown command.
You barely miss the gnoll. You tail-slap the gnoll.
The gnoll is moderately wounded.
The gnoll hits you with a +0 spear.
You die...

#.#.. #.##.#### #.#
..#.. #.###....
########## #.......# #
.........###..####.#####
#........)...>...##...
#......###รท)####....##
#.%.>@.#g....###.####
#.....g..........#
#......#......####
#......#.....(#
#......#.....##
#......#.....#
########.....# #######


You could see a gnoll.

Vanquished Creatures
  3 gnolls (D:2)
  3 adders (D:2)
  An ooze (D:2)
  2 dart slugs
  A leopard gecko (D:2)
  A ball python (D:1)
  8 bats
  A giant cockroach (D:1)
  4 goblins
  A hobgoblin (D:1)
  2 jackals (D:2)
  2 frilled lizards
  5 kobolds (D:2)
  7 rats
41 creatures vanquished.

Notes
Turn   | Place    | Note
-------+----------+-------------------------------------------
     0 | D:1      | MisterOstroum the Draconian Berserker began the quest for
                  | the Orb.
     0 | D:1      | Reached XP level 1. HP: 19/19 MP: 1/1
   212 | D:1      | Reached XP level 2. HP: 26/26 MP: 2/2
   706 | D:2      | Reached XP level 3. HP: 29/33 MP: 3/3
   813 | D:2      | Found a faded altar of an unknown god.
   919 | D:2      | Reached ** piety under Trog
  1057 | D:2      | Reached XP level 4. HP: 36/41 MP: 4/4
  1082 | D:2      | Slain by a gnoll

Levels and vault maps discovered:
D:1:      dpeg_arrival_shrine, layout_basic, chequers_serial_rivers_small_b
D:2:      layout_rooms, chequers_ecumenical_altar_island, grunt_ministairs_8,
          minmay_quadrilaterals

Skill      XL: |  1  2  3  4 |
---------------+-------------+-----
Fighting       | 4 |  4.5
Dodging        | 3 |  3.2
Axes           | 4 |  4.0

Action                   |  1- 3 |  4- 6 || total
-------------------------+-------+-------++-------
Melee: Hand axe          |    97 |     9 ||   106
       Tailslap          |    13 |     2 ||    15
Invok: Berserk           |     2 |       ||     2
  Use: Potion            |       |     1 ||     1
 Stab: Sleeping          |     2 |       ||     2
  Eat: Chunk             |     2 |     1 ||     3
Armor: Skin              |    36 |     3 ||    39
Dodge: Dodged            |    89 |     6 ||    95
